 Dungeon Sprint DCSS version 0.29-a0-653-gd47aff6735 (webtiles) character file.

Game seed: 2390870835471912903

9 purpskrrrp the Grave Robber (level 2, -7/19 HPs)
             Began as a Mummy Necromancer on June 22, 2022.
             Killed from afar by an oklob sapling (26 damage)
             ... with a splash of acid
             ... in the Dungeon (Sprint IV: "Fedhas' Mad Dash").
             The game lasted 00:00:46 (27 turns).

purpskrrrp the Grave Robber (Mummy Necromancer)       Turns: 27, Time: 00:00:46

Health: -7/19      AC:  2    Str: 11    XL:     2   Next: 6%
Magic:  2/6        EV: 12    Int: 14    God:
Gold:   0          SH:  0    Dex: 12    Spells: 6/7 levels left

rFire   x . .      SeeInvis +   (no weapon)
rCold   + . .      Faith    .   (no shield)
rNeg    + + +      Spirit   .   a - +0 robe
rPois   ∞          Reflect  .   (no helmet)
rElec   .          Harm     .   (no cloak)
rCorr   .          Rampage  .   (no gloves)
Will    .....      NoTele   +   (no boots)
Stlth   ++........              (no amulet)
HPRegen 0.06/turn               c - ring of see invisible
MPRegen 0.10/turn               (no ring)

@: no status effects
A: cold resistance 1, negative energy resistance 3, torment resistance 2, heat
vulnerability 1, no potions
a: no special abilities


You were in the Dungeon.
You visited 1 branch

Inventory:

Armour
 a - a +0 robe (worn)
Jewellery
 c - a ring of see invisible (left hand)
Scrolls
 b - a scroll of blinking


   Skills:
 + Level 1.8 Dodging
 + Level 1.7 Stealth
 + Level 3.2 Spellcasting
 + Level 5.4 Necromancy


You had 6 spell levels left.
You knew the following spells:

 Your Spells              Type           Power      Damage    Failure   Level
a - Necrotize             Necr           68%        1d7       2%          1

Your spell library contained the following spells:

 Spells                   Type           Power      Damage    Failure   Level
 Vampiric Draining        Necr           17%        2d7       7%          3
 Animate Dead             Necr           17%        N/A       22%         4
 Agony                    Necr           17%        N/A       52%         5


Dungeon Overview and Level Annotations

Branches:
Dungeon (1/1)

Altars:

Annotations:
D exclusion: oklob sapling


Innate Abilities, Weirdness & Mutations

You are immune to poison.
Your flesh is cold resistant. (rC+)
You are immune to negative energy. (rN+++)
You are immune to unholy pain and torment.
You are vulnerable to heat. (rF-)
You do not drink.


Message History

You kill the river rat!
The dead are walking!
Your Spellcasting skill increases to level 3!
Your Necromancy skill increases to level 5!
You have reached level 2!
The rat misses you.
There is an open door here.
You hit the rat but do no damage.
Your river rat skeleton barely misses the rat.
The rat closely misses you.
You closely miss the rat.
Your river rat skeleton barely misses the rat.
The rat closely misses you.
You hit the rat.
The rat is severely wounded.
Your river rat skeleton bites the rat.
The rat dies!
c - a ring of see invisible
c - a ring of see invisible (left hand)
You open the door.
Found 38 gold pieces.
An oklob sapling comes into view.
Found 10 gold pieces.
Marking area around an oklob sapling as unsafe for travelling.
There is an open door here.
You hit the oklob sapling but do no damage.
You hit the oklob sapling but do no damage.
You hit the oklob sapling but do no damage.
The oklob sapling spits acid at you. The splash of acid misses you.
You hit the oklob sapling but do no damage.
You hit the oklob sapling but do no damage.
You hit the oklob sapling.
The oklob sapling is lightly damaged.
You hit the oklob sapling.
The oklob sapling is heavily damaged.
The oklob sapling spits acid at you. The splash of acid hits you!!
Ouch! That really hurt!
You die...

##################
#<..P#.....#.$$$$#
#PP..'.....@.#
#PPPP#....Z#P#
##############


You could see an oklob sapling (ally target) and a friendly river rat skeleton.

Vanquished Creatures
  A river rat (D)
1 creature vanquished.

Vanquished Creatures (collateral kills)
  A rat (D)
1 creature vanquished.

Grand Total: 2 creatures vanquished

Notes
Turn   | Place    | Note
-------+----------+-------------------------------------------
     0 | D        | purpskrrrp the Mummy Necromancer began the quest for the
                  | Orb.
     0 | D        | Reached XP level 1. HP: 13/13 MP: 4/4
     8 | D        | Reached skill level 5 in Necromancy
     8 | D        | Reached XP level 2. HP: 19/19 MP: 0/6
    20 | D        | Noticed an oklob sapling
    27 | D        | Killed from afar by an oklob sapling

Illustrated notes

Levels and vault maps discovered:
D:        dungeon_sprint_fedhas [sprint_temple]

Skill      XL: |  1 |
---------------+----+-----
Spellcasting   | 3 |  3.2
Necromancy     | 5 |  5.4
Dodging        | |  1.8
Stealth        | |  1.7

Action                   || total
-------------------------++-------
Melee: Unarmed           ||    10
 Cast: Necrotize         ||     4
Dodge: Dodged            ||     4

Table legend: (Time is in decaauts)
 A = Elapsed time spent in this place.
 B = Non-inter-level travel time spent in this place.
 C = Inter-level travel time spent in this place.
 D = Time resting spent in this place.
 E = Time spent auto-exploring this place.
 F = Levels seen in this place.
 G = Mean time per level.
                   A        B        C        D        E       F      G
               +--------+--------+--------+--------+--------+-----+--------+
         Total |     26 |     23 |      3 |      0 |      0 |   1 |   26.0 |
       Dungeon |     26 |     23 |      3 |      0 |      0 |   1 |   26.0 |
               +--------+--------+--------+--------+--------+-----+--------+

Top non-repeatable levels by time:
       D: 26 daAuts
